3AA
YAKIMA HOPS @ FT. POLK SOUTH THUNDER HAWKS
06/16/2022
 
TOP OF THE 1ST
Yakima Hops batting - Pitching for Ft. Polk South Thunder Hawks : RHP Marc Graham
Pitching: RHP Marc Graham
Batting: RHB Abraham Jacobs 0-0: Ball
1-0: Foul Ball, location: 2F
1-1: Ball
2-1: Foul Ball, location: 2F
2-2: SINGLE (Line Drive, 56)
Batting: RHB António Delgado 0-0: Ball
Abraham Jacobs is caught stealing 2nd base
1-0: Ball
2-0: Ball
3-0: Called Strike
3-1: Base on Balls
Batting: SHB Carlos Sánchez 0-0: Called Strike
0-1: Ball
1-1: Swinging Strike
1-2: Strikes out swinging
Batting: RHB William Miles 0-0: DOUBLE (Flyball, 78M)
António Delgado to third
Runner from 3rd tries for Home, throw and OUT!
Top of the 1st over - 0 run(s), 2 hit(s), 0 error(s), 1 left on base; Yakima 0 - Ft. Polk South 0
BOTTOM OF THE 1ST
Ft. Polk South Thunder Hawks batting - Pitching for Yakima Hops : RHP Cisco Romero
Pitching: RHP Cisco Romero
Batting: SHB Armando Olvera 0-0: SINGLE (Line Drive, 4M)
Batting: RHB Steven Grant 0-0: Ball
1-0: Ball
2-0: Called Strike
2-1: SINGLE (Groundball, 6)
Armando Olvera to second
Batting: RHB Héctor López 0-0: Ground out 5-3 (Groundball, 5S)
Armando Olvera to third
Steven Grant to second
Batting: SHB Ted Hansen 0-0: Ball
1-0: Ball
2-0: Foul Ball, location: 2F
2-1: Ball
3-1: Called Strike
3-2: Base on Balls
Batting: LHB José López 0-0: Hit by Pitch
Armando Olvera scores
Steven Grant to third
Ted Hansen to second
Batting: SHB Paul Wright 0-0: Called Strike
0-1: Ball
1-1: Ball
2-1: Fly out, F9 (Line Drive, 9S)
Batting: RHB Clark Calhoun 0-0: Ball
1-0: Swinging Strike
1-1: Ball
2-1: Ball
3-1: Fly out, F8 (Flyball, 8RM)
Bottom of the 1st over - 1 run(s), 2 hit(s), 0 error(s), 3 left on base; Yakima 0 - Ft. Polk South 1
TOP OF THE 2ND
Yakima Hops batting - Pitching for Ft. Polk South Thunder Hawks : RHP Marc Graham
Batting: RHB Gabriel Juárez 0-0: Called Strike
0-1: Foul Ball, location: 2F
0-2: Ball
1-2: Foul Ball, location: 2F
1-2: Foul Ball, location: 2F
1-2: Foul Ball, location: 2F
1-2: Ball
2-2: Fly out, F2 (Popup, 23F)
Batting: RHB Edgar García 0-0: Ball
1-0: DOUBLE (Line Drive, 5D)
Batting: RHB Juan Márquez 0-0: Called Strike
0-1: Swinging Strike
0-2: Ball
1-2: Strikes out swinging
Batting: RHB Manuel Martínez 0-0: SINGLE (Groundball, 34D) (infield hit)
Edgar García to third
Batting: RHB Manny Rodríguez 0-0: Swinging Strike
0-1: Ball
1-1: Foul Ball, location: 2F
1-2: Foul Ball, location: 2F
1-2: SINGLE (Groundball, 4MD)
Edgar García scores
Manuel Martínez to second
Runner from 2nd tries for 3rd, SAFE, no throw or cutoff
Batting: RHB Abraham Jacobs 0-0: Called Strike
0-1: SINGLE (Line Drive, 4M)
Manuel Martínez scores
Manny Rodríguez to second
Runner from 2nd tries for 3rd, SAFE, throw made to third
Batting: RHB António Delgado 0-0: Called Strike
0-1: Ball
1-1: Called Strike
1-2: Fly out, F7 (Flyball, 78M)
Top of the 2nd over - 2 run(s), 4 hit(s), 0 error(s), 2 left on base; Yakima 2 - Ft. Polk South 1
BOTTOM OF THE 2ND
Ft. Polk South Thunder Hawks batting - Pitching for Yakima Hops : RHP Cisco Romero
Batting: RHB Henry Weber 0-0: Ball
1-0: Ball
2-0: Fly out, F8 (Flyball, 8RM)
Batting: RHB Jim Unknown 0-0: Called Strike
0-1: Ground out 6-3 (Groundball, 6M)
Batting: SHB Armando Olvera 0-0: Foul Ball, location: 2F
0-1: Fly out, F4 (Popup, 4D)
Bottom of the 2nd over - 0 run(s), 0 hit(s), 0 error(s), 0 left on base; Yakima 2 - Ft. Polk South 1
TOP OF THE 3RD
Yakima Hops batting - Pitching for Ft. Polk South Thunder Hawks : RHP Marc Graham
Batting: SHB Carlos Sánchez 0-0: Foul Ball, location: 2F
0-1: Ball
1-1: Fly out, F4 (Line Drive, 4M)
Batting: RHB William Miles 0-0: Ball
1-0: Fly out, F6 (Popup, 5D)
Batting: RHB Gabriel Juárez 0-0: Called Strike
0-1: Ground out 5-3 (Groundball, 56S)
Top of the 3rd over - 0 run(s), 0 hit(s), 0 error(s), 0 left on base; Yakima 2 - Ft. Polk South 1
BOTTOM OF THE 3RD
Ft. Polk South Thunder Hawks batting - Pitching for Yakima Hops : RHP Cisco Romero
Batting: RHB Steven Grant 0-0: Called Strike
0-1: Ball
1-1: Foul Ball, location: 2F
1-2: Ball
2-2: Ball
3-2: SINGLE (Groundball, 6M)
Batting: RHB Héctor López 0-0: Ball
1-0: Called Strike
1-1: Swinging Strike
1-2: Foul Ball, location: 2F
1-2: Ball
2-2: Ball
3-2: Base on Balls
Steven Grant to second
Batting: SHB Ted Hansen 0-0: Ball
1-0: Called Strike
1-1: Foul Ball, location: 2F
1-2: Strikes out swinging
Batting: LHB José López 0-0: Swinging Strike
0-1: Called Strike
0-2: Foul Ball, location: 2F
0-2: Ball
1-2: Ball
2-2: Strikes out looking
Batting: SHB Paul Wright 0-0: Foul Ball, location: 2F
0-1: Called Strike
0-2: Strikes out swinging
Bottom of the 3rd over - 0 run(s), 1 hit(s), 0 error(s), 2 left on base; Yakima 2 - Ft. Polk South 1
TOP OF THE 4TH
Yakima Hops batting - Pitching for Ft. Polk South Thunder Hawks : RHP Marc Graham
Batting: RHB Edgar García 0-0: Ball
1-0: Swinging Strike
1-1: Ground out 6-3 (Groundball, 6)
Batting: RHB Juan Márquez 0-0: Foul Ball, location: 2F
0-1: SINGLE (Flyball, 9LS)
Batting: RHB Manuel Martínez 0-0: Ball
Wild Pitch!
Juan Márquez to second
1-0: Ball
2-0: Ground out 5-3 (Groundball, 5S)
Juan Márquez to third
Batting: RHB Manny Rodríguez 0-0: Foul Ball, location: 2F
0-1: Fly out, F8 (Flyball, 8RM)
Top of the 4th over - 0 run(s), 1 hit(s), 0 error(s), 1 left on base; Yakima 2 - Ft. Polk South 1
BOTTOM OF THE 4TH
Ft. Polk South Thunder Hawks batting - Pitching for Yakima Hops : RHP Cisco Romero
Batting: RHB Clark Calhoun 0-0: Foul Ball, location: 2F
0-1: Ground out 6-3 (Groundball, 6)
Batting: RHB Henry Weber 0-0: Called Strike
0-1: Ball
1-1: Called Strike
1-2: Strikes out looking
Batting: RHB Jim Unknown 0-0: Ball
1-0: Called Strike
1-1: Swinging Strike
1-2: SINGLE (Flyball, 78S)
Batting: SHB Armando Olvera 0-0: Ball
1-0: Fly out, F8 (Flyball, 8RM)
Bottom of the 4th over - 0 run(s), 1 hit(s), 0 error(s), 1 left on base; Yakima 2 - Ft. Polk South 1
TOP OF THE 5TH
Yakima Hops batting - Pitching for Ft. Polk South Thunder Hawks : RHP Marc Graham
Batting: RHB Abraham Jacobs 0-0: Foul Ball, location: 2F
0-1: Ball
1-1: Ball
2-1: Ball
3-1: Fly out, F8 (Flyball, 8LM)
Batting: RHB António Delgado 0-0: SOLO HOME RUN (Flyball, 7D), Distance : 376 ft
Batting: SHB Carlos Sánchez 0-0: Called Strike
0-1: Ball
1-1: Called Strike
1-2: Fly out, F7 (Flyball, 7M)
Batting: RHB William Miles 0-0: Swinging Strike
0-1: Fly out, F9 (Line Drive, 9M)
Top of the 5th over - 1 run(s), 1 hit(s), 0 error(s), 0 left on base; Yakima 3 - Ft. Polk South 1
BOTTOM OF THE 5TH
Ft. Polk South Thunder Hawks batting - Pitching for Yakima Hops : RHP Cisco Romero
Batting: RHB Steven Grant 0-0: Ball
1-0: Ground out 5-3 (Groundball, 56S)
Batting: RHB Héctor López 0-0: Called Strike
0-1: Ground out 3-1 (Groundball, 34)
Batting: SHB Ted Hansen 0-0: Ball
1-0: Fly out, F8 (Flyball, 8RXD)
Bottom of the 5th over - 0 run(s), 0 hit(s), 0 error(s), 0 left on base; Yakima 3 - Ft. Polk South 1
TOP OF THE 6TH
Yakima Hops batting - Pitching for Ft. Polk South Thunder Hawks : RHP Marc Graham
Batting: RHB Gabriel Juárez 0-0: Ball
1-0: Ball
2-0: Ball
3-0: Called Strike
3-1: Fly out, F7 (Flyball, 7M)
Batting: RHB Edgar García 0-0: Ball
1-0: Ball
2-0: SINGLE (Flyball, 9S)
Batting: RHB Juan Márquez 0-0: Called Strike
0-1: Foul Ball, location: 2F
0-2: SINGLE (Groundball, 56)
Edgar García to second
Batting: RHB Manuel Martínez 0-0: DOUBLE (Flyball, 9LM)
Edgar García scores
Juan Márquez to third
Batting: RHB Manny Rodríguez 0-0: Swinging Strike
0-1: Fly out, F8 (Flyball, 8LXD)
Runner from 3rd tags up, SCORES, no throw
Manuel Martínez to third
Batting: RHB Abraham Jacobs 0-0: Called Strike
0-1: Ball
1-1: Called Strike
1-2: Ground out 5-3 (Groundball, 5L)
Top of the 6th over - 2 run(s), 3 hit(s), 0 error(s), 1 left on base; Yakima 5 - Ft. Polk South 1
BOTTOM OF THE 6TH
Ft. Polk South Thunder Hawks batting - Pitching for Yakima Hops : RHP Cisco Romero
Batting: LHB José López 0-0: Fly out, F7 (Flyball, 7S)
Batting: SHB Paul Wright 0-0: Ball
1-0: Called Strike
1-1: SINGLE (Groundball, 4M)
Batting: RHB Clark Calhoun 0-0: SINGLE (Line Drive, 9LS)
Paul Wright to second
Batting: RHB Henry Weber 0-0: Ball
1-0: Ball
2-0: SINGLE (Line Drive, 9S)
Paul Wright to third
Clark Calhoun to second
Runner from 3rd tries for Home, SAFE, throw made home
Batting: RHB Jim Unknown 0-0: Ball
1-0: Foul Ball, location: 2F
1-1: SINGLE (Line Drive, 7LS)
Clark Calhoun to third
Henry Weber to second
Runner from 3rd tries for Home, SAFE, throw made at trailing runner, OUT at third!
Batting: SHB Armando Olvera 0-0: Called Strike
0-1: Ball
1-1: Called Strike
1-2: Strikes out looking
Bottom of the 6th over - 2 run(s), 4 hit(s), 0 error(s), 1 left on base; Yakima 5 - Ft. Polk South 3
TOP OF THE 7TH
Yakima Hops batting - Pitching for Ft. Polk South Thunder Hawks : RHP Marc Graham
Batting: RHB António Delgado 0-0: Called Strike
0-1: Ball
1-1: Foul Ball, location: 2F
1-2: Foul Ball, location: 2F
1-2: Ball
2-2: Ball
3-2: Base on Balls
Batting: SHB Carlos Sánchez 0-0: Ball
1-0: Called Strike
1-1: Foul Ball, location: 2F
1-2: Grounds into double play, U4-3 (Groundball, 4)
Batting: RHB William Miles 0-0: Called Strike
0-1: Foul Ball, location: 2F
0-2: Ball
1-2: Ground out 4-3 (Groundball, 4M)
Top of the 7th over - 0 run(s), 0 hit(s), 0 error(s), 0 left on base; Yakima 5 - Ft. Polk South 3
BOTTOM OF THE 7TH
Ft. Polk South Thunder Hawks batting - Pitching for Yakima Hops : RHP Cisco Romero
Batting: RHB Steven Grant 0-0: Ball
1-0: Ground out 6-3 (Groundball, 6)
Pitching: RHP Jim Unknown
Batting: RHB Héctor López 0-0: Ball
1-0: Called Strike
1-1: Called Strike
1-2: Strikes out looking
Batting: SHB Ted Hansen 0-0: Ball
1-0: Called Strike
1-1: Ball
2-1: Ball
3-1: Called Strike
3-2: Foul Ball, location: 2F
3-2: SOLO HOME RUN (Flyball, 9D), Distance : 370 ft
Batting: LHB José López 0-0: Ball
1-0: SINGLE (Groundball, 56D)
Pinch Hitting: RHB Darrell Goldstein 0-0: Fielders Choice at 2nd, 6-4 (Groundball, 6)
Bottom of the 7th over - 1 run(s), 2 hit(s), 0 error(s), 0 left on base; Yakima 5 - Ft. Polk South 4
TOP OF THE 8TH
Yakima Hops batting - Pitching for Ft. Polk South Thunder Hawks : RHP Marc Graham
Now in CF: Darrell Goldstein
Batting: RHB Gabriel Juárez 0-0: Foul Ball, location: 2F
0-1: Ball
1-1: Fly out, F8 (Flyball, 8LM)
Batting: RHB Edgar García 0-0: Called Strike
0-1: SOLO HOME RUN (Flyball, 7D), Distance : 364 ft
Pitching: RHP Kip Hill
Batting: RHB Juan Márquez 0-0: Ball
1-0: Ball
2-0: Called Strike
2-1: Ball
3-1: Base on Balls
Batting: RHB Manuel Martínez 0-0: Called Strike
0-1: Swinging Strike
0-2: Foul Ball, location: 2F
0-2: Ball
1-2: Fly out, F8 (Flyball, 8RM)
Batting: RHB Manny Rodríguez 0-0: Ball
1-0: Foul Ball, location: 2F
1-1: Ball
2-1: Fly out, F8 (Line Drive, 8RM)
Top of the 8th over - 1 run(s), 1 hit(s), 0 error(s), 1 left on base; Yakima 6 - Ft. Polk South 4
BOTTOM OF THE 8TH
Ft. Polk South Thunder Hawks batting - Pitching for Yakima Hops : RHP Jim Unknown
Batting: RHB Clark Calhoun 0-0: Ball
1-0: Called Strike
1-1: Foul Ball, location: 2F
1-2: SOLO HOME RUN (Flyball, 7LD), Distance : 346 ft
Batting: RHB Henry Weber 0-0: Ground out 4-3 (Groundball, 4MD)
Batting: RHB Jim Unknown 0-0: Ball
1-0: Called Strike
1-1: Swinging Strike
1-2: Foul Ball, location: 2F
1-2: Ball
2-2: Ball
3-2: Strikes out looking
Batting: SHB Armando Olvera 0-0: Called Strike
0-1: Ground out 4-3 (Groundball, 4)
Bottom of the 8th over - 1 run(s), 1 hit(s), 0 error(s), 0 left on base; Yakima 6 - Ft. Polk South 5
TOP OF THE 9TH
Yakima Hops batting - Pitching for Ft. Polk South Thunder Hawks : RHP Kip Hill
Batting: RHB Abraham Jacobs 0-0: Swinging Strike
0-1: Ground out 6-3 (Groundball, 6)
Batting: RHB António Delgado 0-0: SINGLE (Groundball, 34D)
Pinch Hitting: SHB Jim Unknown 0-0: Called Strike
0-1: SINGLE (Line Drive, 8RS)
António Delgado to second
Pinch Hitting: LHB Jim Unknown 0-0: Foul Ball, location: 2F
0-1: Fly out, F6 (Popup, 5D)
Batting: RHB Gabriel Juárez 0-0: Called Strike
0-1: Fly out, F8 (Flyball, 8LM)
Top of the 9th over - 0 run(s), 2 hit(s), 0 error(s), 2 left on base; Yakima 6 - Ft. Polk South 5
BOTTOM OF THE 9TH
Ft. Polk South Thunder Hawks batting - Pitching for Yakima Hops : RHP Jim Unknown
Pitching: RHP Júlio Maes
Now at 1B: Burton Storey
Now at 3B: Jim Unknown
Now in RF: Jim Unknown
Batting: RHB Steven Grant 0-0: Ball
1-0: Ball
2-0: Ground out 6-3 (Groundball, 56)
Batting: RHB Héctor López 0-0: Ball
1-0: Fly out, F4 (Popup, 4M)
Batting: SHB Ted Hansen 0-0: Called Strike
0-1: Ball
1-1: Ball
2-1: Ball
3-1: Foul Ball, location: 2F
3-2: Foul Ball, location: 2F
3-2: Foul Ball, location: 2F
3-2: DOUBLE (Flyball, 89D)
Batting: LHB José López 0-0: Fly out, F7 (Flyball, 78M)
Bottom of the 9th over - 0 run(s), 1 hit(s), 0 error(s), 1 left on base; Yakima 6 - Ft. Polk South 5
This league is powered by Out of the Park Baseball, the baseball management simulation game for PC, Mac and Linux
Friday, April 15th, 2016 - OOTP Baseball 16.9 Build 39